 Dungeon Crawl Stone Soup version 0.25.0-1-g7eea58d (webtiles) character file.

Game seed: 13071850803116709140

6064 thesequoiad the Frost Mage (level 11, -5/85 (86) HPs)
             Began as a Formicid Ice Elementalist on June 16, 2020.
             Was an Elder of Okawaru.
             Slain by an orc knight
             ... wielding a +0 halberd
              (7 damage)
             ... in a bailey.
             The game lasted 00:53:56 (10157 turns).

thesequoiad the Frost Mage (FoIE)                  Turns: 10157, Time: 00:53:56

HP:   -5/85 (86)    AC: 16    Str: 13    XL:     11   Next: 11%
MP:   24/31         EV: 14    Int: 18    God:    Okawaru [****..]
Gold: 703           SH:  7    Dex: 11    Spells: 17/25 levels left

rFire    + . .     SeeInvis +   a - +3 short sword (elec)
rCold    + . .     Gourm    .   B - +2 buckler {AC+3}
rNeg     . . .     Faith    .   G - +1 leather armour {rPois}
rPois    +         Spirit   .   (helmet unavailable)
rElec    .         Reflect  .   H - scarf {rC+ rF+}
rCorr    .         Harm     .   o - +0 pair of gloves
MR       +....                  d - +1 pair of boots
Stlth    +++.......             (no amulet)
HPRegen  0.24/turn              f - +4 ring of protection
MPRegen  0.22/turn              t - ring of magical power

@: heroism, frozen ramparts
A: permanent stasis, dig shafts and tunnels, four strong arms, antennae 3
a: Dig, Shaft Self, Heroism, Renounce Religion


You were in a bailey.
You worshipped Okawaru.
Okawaru was greatly pleased with you.
You were not hungry.

You visited 2 branches of the dungeon, and saw 9 of its levels.
You also visited: Bailey.

You collected 703 gold pieces.

Inventory:

Hand Weapons
 a - a +3 short sword of electrocution (weapon)
 b - a +0 great sword
 q - a +3 spear
 u - a +2 dagger of venom
 A - a cursed +4 great sword
Missiles
 h - 138 stones
 k - 5 javelins
 r - 31 poisoned darts (quivered)
 D - 11 boomerangs
Armour
 d - a +1 pair of boots (worn)
 o - a +0 pair of gloves (worn)
 z - a +2 leather armour of cold resistance
 B - a +2 buckler of protection (worn)
 G - a +1 leather armour of poison resistance (worn)
 H - a scarf of resistance (worn)
Magical Staves
 w - an uncursed staff of cold
 F - an uncursed staff of earth
Jewellery
 f - a +4 ring of protection (left hand)
 t - a ring of magical power (right hand)
Wands
 j - a wand of disintegration (10)
 n - a wand of paralysis (10)
Scrolls
 l - 3 scrolls of remove curse
 p - a scroll of magic mapping
 y - a scroll of fog
 C - 6 scrolls of amnesia
 E - a scroll of identify
Potions
 e - 3 potions of curing
 g - 3 potions of stabbing
 i - a potion of magic
 s - a potion of lignification
 v - 2 potions of might
 x - a potion of mutation
Miscellaneous
 I - a phial of floods
Comestibles
 c - 13 rations
 m - a chunk of flesh


   Skills:
 + Level 7.9(12.9) Fighting
 - Level 5.0(10.0) Armour
 - Level 1.7(6.7) Dodging
 - Level 2.4(7.4) Stealth
 + Level 7.5 Spellcasting
 * Level 6.4 Conjurations
 - Level 9.0 Ice Magic
 + Level 4.4 Invocations


You had 17 spell levels left.
You knew the following spells:

 Your Spells              Type           Power        Failure   Level  Hunger
a - Freeze                Ice            ####         1%          1    None
b - Frozen Ramparts       Ice            #####.       1%          3    #......
c - Hailstorm             Conj/Ice       ####....     4%          4    ###....

Your spell library contained the following spells:

 Spells                   Type           Power        Failure   Level  Hunger
 Ozocubu's Armour         Chrm/Ice       ###.....     6%          3    #......
 Summon Ice Beast         Ice/Summ       ###.....     19%         4    ###....
 Confusing Touch          Hex            #.......     36%         3    #......
 Gell's Gravitas          Tloc           #.........   36%         3    #......
 Metabolic Englaciation   Hex/Ice        ###.......   47%         5    #####..
 Petrify                  Tmut/Erth      #.......     77%         4    ###....
 Yara's Violent Unravell  Hex/Tmut       #.........   98%         5    #####..


Dungeon Overview and Level Annotations

Branches:
Dungeon (8/15)             Temple (1/1) D:5          Bailey (1/1)
   Lair: D:8-11

Altars:
Ashenzari
Cheibriados
Dithmenos
Elyvilon
Fedhas
Gozag
Hepliaklqana
Kikubaaqudgha
Nemelex Xobeh
Okawaru
Qazlal
Ru
Sif Muna
Trog
Uskayaw
Vehumet
Wu Jian
Xom
Yredelemnul
Zin
The Shining One

Shops:
D:5 }

Portals:
Abyss: D:4

Annotations:
D:4 2 transporters, jorbis's ghost, amateur DsWz


Innate Abilities, Weirdness & Mutations

You cannot be hasted, slowed, berserked, paralysed or teleported.
You can dig through walls and to a lower floor.
Your four strong arms can wield two-handed weapons with a shield.
You have a pair of large antennae on your head. (SInv)


Message History

Casting: Hailstorm (dangerous; 4% risk of failure)
Confirm with . or Enter, or press ? or * to list all spells.
Okay, then.
You block the orc knight's attack.
Casting: Hailstorm (dangerous; 4% risk of failure)
Confirm with . or Enter, or press ? or * to list all spells.
The walls around you are covered in ice.
The wall freezes the orc knight.
The orc knight hits you from afar with a +0 halberd!!
The wall freezes the orc knight.
The wall freezes the orc knight!
The wall freezes the orc warrior!
The orc warrior shoots a bolt.
The bolt hits you!
* * * LOW HITPOINT WARNING * * *
The orc knight closely misses you.
Okay, then.
The wall freezes the orc warrior.
The orc warrior shoots a bolt.
The bolt hits you!
* * * LOW HITPOINT WARNING * * *
The orc knight hits you from afar with a +0 halberd!
You die...

### ###
##@###########∩## #
#...##.....##...##.
#.o.#..≈≈≈).#...#.o
#..[#)≈≈)≈≈....(%.≈
#...o.≈.∩)≈(......≈
#..(#.≈≈)≈≈o(.....≈
#...#..≈≈≈..#(..#..
#...##...).#..(..#.
##.##########(∩#.##


You could see an orc knight and an orc warrior (strong).

Vanquished Creatures
  An unseen horror (D:6)
  Pikel (D:5)
  An oklob plant (D:7)
  An orc knight (Bailey)
  A cyclops (D:7)
  Psyche (D:8)
  Sigmund (D:6)
  Eustachio (D:4)
  A spriggan (D:7)
  Edmund (D:4)
  Menkaure (D:6)
  An ice beast (D:4)
  6 orc warriors (Bailey)
  2 slaves (D:5)
  A necrophage (D:7)
  6 centaurs
  2 bullfrogs
  A gnoll sergeant (D:7)
  A scorpion (D:7)
  7 wights
  2 crimson imps (D:7)
  A centaur skeleton (D:4)
  An orc priest (D:4)
  6 hounds
  14 jellies
  Crazy Yiuf (D:5)
  4 orc wizards
  3 iguanas
  5 worker ants
  Robin (D:3)
  6 adders
  6 gnolls
  A shadow imp (D:4)
  18 oozes
  An adder zombie (D:6)
  An adder skeleton (D:7)
  6 worms
  A dart slug (D:1)
  8 leopard geckos
  25 orcs
  3 ball pythons (D:1)
  9 giant cockroaches
  20 goblins
  12 hobgoblins
  9 jackals
  2 quokkas
  8 bats
  3 frilled lizards
  16 kobolds
  A quokka skeleton (D:4)
  4 rats
236 creatures vanquished.

Vanquished Creatures (others)
  2 slaves (D:5)
  A hound skeleton (D:5)
  A worm (D:3)
  A leopard gecko (D:5)
  An orc (D:5)
  A jackal zombie (D:5)
  9 fungi
  6 toadstools (D:3)
22 creatures vanquished.

Grand Total: 258 creatures vanquished

Notes
Turn   | Place    | Note
-------+----------+-------------------------------------------
     0 | D:1      | thesequoiad the Formicid Ice Elementalist began the quest
                  | for the Orb.
     0 | D:1      | Reached XP level 1. HP: 13/13 MP: 3/3
   164 | D:1      | Reached XP level 2. HP: 20/20 MP: 3/5
   495 | D:1      | Reached skill level 1 in Fighting
   657 | D:1      | Reached XP level 3. HP: 26/26 MP: 4/6
   662 | D:1      | Learned a level 3 spell: Frozen Ramparts
  1560 | D:2      | Reached XP level 4. HP: 32/32 MP: 8/8
  1642 | D:2      | Found an opulent altar of Gozag.
  1642 | D:2      | Found an iron altar of Okawaru.
  1642 | D:2      | Found a radiant altar of Vehumet.
  1642 | D:2      | Found a glowing silver altar of Zin.
  2328 | D:2      | Reached skill level 5 in Ice Magic
  2776 | D:3      | Reached XP level 5. HP: 38/38 MP: 5/9
  2922 | D:3      | Noticed Robin
  2937 | D:3      | Killed Robin
  3963 | D:3      | Reached XP level 6. HP: 43/46 MP: 7/11
  4079 | D:3      | Reached skill level 6 in Ice Magic
  4298 | D:4      | Found a stormy altar of Qazlal.
  4412 | D:4      | Reached XP level 7. HP: 41/52 MP: 13/13
  4596 | D:4      | Identified the +9 whip of Terror {distort, rPois}
  4597 | D:4      | Noticed an ancient zyme
  4607 | D:4      | Found a one-way gate to the infinite horrors of the Abyss.
  4607 | D:4      | Noticed jorbis's ghost (amateur DsWz)
  4634 | D:4      | Found a transporter.
  4645 | D:4      | Found a transporter.
  4968 | D:4      | Found a hazy altar of Hepliaklqana.
  5349 | D:5      | Entered Level 5 of the Dungeon
  5349 | D:5      | Noticed Edmund
  5349 | D:5      | Noticed Eustachio
  5367 | D:4      | Killed Eustachio
  5367 | D:4      | Reached skill level 1 in Armour
  5367 | D:4      | Reached skill level 7 in Ice Magic
  5367 | D:4      | Reached XP level 8. HP: 44/60 MP: 15/15
  5456 | D:4      | Killed Edmund
  5510 | D:5      | Noticed Pikel
  5522 | D:5      | Killed Pikel
  5522 | D:5      | Reached skill level 5 in Fighting
  5522 | D:5      | Reached skill level 5 in Spellcasting
  5522 | D:5      | Reached skill level 8 in Ice Magic
  5776 | D:5      | Reached XP level 9. HP: 62/68 MP: 17/17
  5788 | D:5      | Found a staircase to the Ecumenical Temple.
  5835 | D:5      | Learned a level 4 spell: Hailstorm
  5912 | D:5      | Found Aseciaso's Gadget Shoppe.
  5915 | Temple   | Entered the Ecumenical Temple
  6166 | D:2      | Became a worshipper of Warmaster Okawaru
  6255 | D:5      | Found a runed translucent door.
  6256 | D:5      | Noticed Crazy Yiuf
  6324 | D:5      | Found an ancient bone altar of Kikubaaqudgha.
  6342 | D:5      | Reached skill level 1 in Conjurations
  6561 | D:5      | Killed Crazy Yiuf
  6675 | D:6      | Noticed Sigmund
  6688 | D:6      | Killed Sigmund
  6921 | D:6      | Noticed an unseen horror
  6933 | D:6      | Killed an unseen horror
  6933 | D:6      | Reached * piety under Okawaru
  7366 | D:6      | Reached ** piety under Okawaru
  7569 | D:6      | Noticed Menkaure
  7573 | D:6      | Killed Menkaure
  7966 | D:7      | Reached XP level 10. HP: 55/77 MP: 19/19
  8045 | D:7      | Noticed an oklob plant
  8064 | D:7      | Reached skill level 1 in Invocations
  8066 | D:7      | Reached skill level 9 in Ice Magic
  8135 | D:7      | Killed an oklob plant
  8135 | D:7      | Reached *** piety under Okawaru
  8135 | D:7      | Reached skill level 5 in Conjurations
  8758 | D:7      | Noticed a cyclops
  8775 | D:7      | Killed a cyclops
  9123 | D:7      | Reached **** piety under Okawaru
  9576 | D:8      | Noticed Psyche
  9589 | D:8      | Killed Psyche
  9601 | D:8      | Found a flagged portal.
  9621 | D:8      | Identified a scroll of acquirement
  9635 | Bailey   | Entered a bailey
  9743 | Bailey   | Noticed an orc knight
  9749 | Bailey   | Reached XP level 11. HP: 55/83 MP: 16/22
  9755 | Bailey   | Killed an orc knight
  9755 | Bailey   | Reached skill level 5 in Armour
 10129 | Bailey   | Noticed an orc knight
 10157 | Bailey   | HP: 2/85 [orc warrior/bolt (15)]
 10157 | Bailey   | Slain by an orc knight

Illustrated notes

Levels and vault maps discovered:
D:1:      dpeg_arrival_boxes_within_box, layout_basic
D:2:      layout_loops_cross, chequers_temple_overflow_statue_of_worship
D:3:      cheibrodos_fertilizer, layout_loops_corners, first_ration,
          lemuel_flame_loot_1, uniq_robin
D:4:      layout_loops_ring, kennysheep_mini, serial_glass, glass_columns_a,
          glass_columns_c, glass_columns_a, glass_columns_a,
          gammafunk_ghost_abyssal_escape, nicolae_qazlal_eye_of_the_storm
D:5:      layout_rooms, minmay_temple_entry_drinking_statues, basic_altar,
          serial_shops, nicolae_shop_stone, minmay_misc_feat_room,
          minmay_misc_feat_rows, minmay_misc_feat_tower, uniq_pikel,
          uniq_crazy_yiuf_cottage, uniq_edmund, uniq_eustachio
D:6:      layout_loops_cross, uniq_sigmund, uniq_menkaure
D:7:      lemuel_slime, layout_basic, the_bakery
D:8:      layout_layer_cave, enter_bailey_7, uniq_psyche, uniq_prince_ribbit1,
          uniq_joseph
Temple:   eino_temple_scatter_basement
Bailey:   bailey_polearm_4, bailey

Skill      XL: |  1  2  3  4  5  6  7  8  9 10 11 |
---------------+----------------------------------+-----
Fighting       | 1 2 3 4 5 6 7 |  7.9
Spellcasting   | 3 4 5 6 7 |  7.5
Ice Magic      | 5 6 7 8 9 |  9.0
Armour         | 1 3 4 5 |  5.0
Conjurations   | 4 6 |  6.4
Invocations    | 4 |  4.4
Dodging        | |  1.7
Stealth        | |  2.4

Action                   |  1- 3 |  4- 6 |  7- 9 | 10-12 || total
-------------------------+-------+-------+-------+-------++-------
Melee: Dagger            |    20 |    90 |    17 |       ||   127
       Short sword       |       |       |   128 |    89 ||   217
       Staff             |       |       |       |     1 ||     1
Throw: Javelin           |       |    13 |     3 |       ||    16
       Stone             |       |     1 |       |       ||     1
       Dart              |       |       |       |     2 ||     2
 Cast: Freeze            |    28 |    37 |     5 |     4 ||    74
       Frozen Ramparts   |       |    13 |    23 |    20 ||    56
       Hailstorm         |       |       |     7 |    27 ||    34
Invok: Heroism           |       |       |       |     1 ||     1
 Abil: Dig               |     4 |       |       |     3 ||     7
Evoke: Wand              |       |       |       |     6 ||     6
  Use: Scroll            |     1 |    11 |     6 |     5 ||    23
       Potion            |       |       |       |     3 ||     3
 Stab: Sleeping          |     2 |     5 |       |       ||     7
       Invisible         |       |       |       |     1 ||     1
  Eat: Chunk             |     2 |    11 |    11 |     6 ||    30
       Ration            |       |       |     1 |     2 ||     3
Armor: Robe              |     8 |    33 |     5 |       ||    46
       Leather armour    |       |       |    50 |    43 ||    93
Dodge: Dodged            |    20 |    64 |    82 |    68 ||   234
Block: Buckler           |       |       |       |     2 ||     2
